 Dungeon Crawl Stone Soup version 0.17-a0-1646-geb1493d (webtiles) character file.

460 patman the Twirler (level 6, -5/36 HPs)
             Began as a Deep Elf Wanderer on Aug 11, 2015.
             Slain by a gnoll
             ... wielding a +0 spear
              (8 damage)
             ... on level 4 of the Dungeon.
             The game lasted 00:12:41 (5280 turns).

patman the Twirler (Deep Elf Wanderer)              Turns: 5280, Time: 00:12:41

Health: -5/36      AC:  6    Str:  8    XL:     6   Next: 78%
Magic:  8/8        EV: 11    Int: 20    God:
Gold:   126        SH:  0    Dex: 17    Spells: 0 memorised, 5 levels left

rFire  . . .     SeeInvis .     a - +3 quarterstaff
rCold  + . .     Clarity  .     k - +0 ring mail
rNeg   . . .     SustAt   .     (no shield)
rPois  .         Gourm    .     (no helmet)
rElec  .         Spirit   .     (no cloak)
rCorr  .         Warding  .     (no gloves)
rMut   .         Stasis   .     v - +0 pair of boots
MR     .....                    (no amulet)
Stlth  +.........               y - ring of protection from cold
                                m - +3 ring of intelligence

@: not resistant to hostile enchantments, very unstealthy
A: no striking features
a: no special abilities


You were on level 4 of the Dungeon.
You were not hungry.

You visited 1 branch of the dungeon, and saw 4 of its levels.

You collected 126 gold pieces.

Inventory:

Hand weapons
 a - a +3 quarterstaff (weapon)
 b - a +0 spear
Missiles
 u - 6 tomahawks (quivered)
Armour
 d - a +0 robe
 k - a +0 ring mail (worn)
 v - a +0 pair of boots (worn)
Jewellery
 m - a +3 ring of intelligence (left hand)
 y - a ring of protection from cold (right hand)
Scrolls
 j - a scroll of magic mapping
 n - a scroll of fog
 o - a scroll of remove curse {unknown}
 p - a scroll of random uselessness {unknown}
 r - a scroll of enchant armour {unknown}
 t - a scroll of enchant weapon
 z - a scroll of recharging {unknown}
Potions
 c - a potion of lignification
 e - a potion of cancellation
 f - 2 potions of curing
 l - a potion of magic
 q - a potion of heal wounds
 s - a potion of degeneration {unknown}
Comestibles
 g - 3 meat rations
 h - 4 fruits
 i - 3 bread rations
 w - a beef jerky


   Skills:
 - Level 2.4 Fighting
 * Level 6.4 Staves
 * Level 2.7 Armour
 - Level 3.6 Dodging
 - Level 1.2 Stealth
   Level 1.0 Shields


You had 5 spell levels left.
You didn't know any spells.

Dungeon Overview and Level Annotations

Branches:
Dungeon (4/15)
 Temple: D:4-7

Altars:
Makhleb
Trog

Annotations:
D:4 1 exclusion


Message History

You hit the iguana.
The iguana is almost dead.
The iguana closely misses you. The gnoll closely misses you.
You hit the iguana.
You kill the iguana!
The gnoll closely misses you. The gnoll hits you with a spear.
* * * LOW HITPOINT WARNING * * *
You see here an iguana corpse.
You hit the gnoll.
The gnoll is lightly wounded.
The gnoll hits you with a spear.
* * * LOW HITPOINT WARNING * * *
You closely miss the gnoll.
The gnoll is lightly wounded.
The gnoll barely misses you.
You sock the gnoll!
The gnoll is severely wounded.
The gnoll hits you with a spear!
You die...

**###* ##....... ,,,..* ##.......
***#.* #........ #.## #........
## #..###################........
.####...........(>.).<[..........
..............###########........
....#####...#..######## ##.......
..#......._.....@g....####.......
...##..##...######.......#.#.####
.....#.###### ####>...#...#
......_..#* ###.....##
..####.#..** ##......# .##
*,...,** ******#..#....# .#
*****,,* *......>#..#..# .##
*,,****.#####l..##..# ..# ###
*,,,,,,,,,,*#.####..#


You could see a gnoll.

Vanquished Creatures
  A scorpion (D:4)
  A hound (D:3)
  A giant frog skeleton (D:4)
  An orc priest (D:3)
  An orc wizard (D:4)
  An iguana (D:4)
  2 worker ants (D:4)
  6 adders
  5 gnolls
  3 oozes
  2 worms (D:2)
  3 giant geckos
  12 orcs
  2 giant cockroaches (D:3)
  9 hobgoblins
  12 jackals
  5 kobolds
  2 quokkas
  2 ball pythons
  12 bats
  4 giant newts
  5 goblins
  6 rats
98 creatures vanquished.

Notes
Turn   | Place    | Note
--------------------------------------------------------------
     0 | D:1      | patman the Deep Elf Wanderer began the quest for the Orb.
     0 | D:1      | patman set off with: a +2 quarterstaff, a +0 spear, a potion of lignification, a +0 robe, a bread ration
     0 | D:1      | Reached XP level 1. HP: 13/13 MP: 3/3
   526 | D:1      | Reached XP level 2. HP: 13/18 MP: 4/4
  1323 | D:2      | Reached XP level 3. HP: 20/22 MP: 5/5
  1328 | D:2      | Found a burning altar of Makhleb.
  1760 | D:2      | Reached skill level 4 in Staves
  1968 | D:3      | Reached XP level 4. HP: 22/27 MP: 6/6
  2508 | D:3      | Reached skill level 5 in Staves
  2630 | D:3      | Reached XP level 5. HP: 12/31 MP: 7/7
  3666 | D:3      | Reached skill level 1 in Armour
  4393 | D:4      | Found a bloodstained altar of Trog.
  4415 | D:4      | Reached XP level 6. HP: 30/36 MP: 8/8
  4559 | D:4      | Found a burning altar of Makhleb.
  4582 | D:4      | Reached skill level 6 in Staves
  5280 | D:4      | Slain by a gnoll

Vault maps used:
D:1:      minmay_arrival_plants_in_alcoves
D:2:      overflow_temple_1_default, serial_curves, eino_curves_02,
          eino_curves_02, first_bread
D:3:      corner_web_ring
D:4:      lemuel_crystal_altar, bloody_makhleb

Action                   |  1- 3 |  4- 6 || total
-------------------------+-------+-------++-------
Melee: Quarterstaff      |   100 |   227 ||   327
Throw: Throwing net      |       |     1 ||     1
  Use: Scroll            |       |     8 ||     8
 Stab: Sleeping          |     4 |     1 ||     5
  Eat: Chunk             |     3 |     7 ||    10
       Beef jerky        |       |     1 ||     1
       Bread ration      |       |     1 ||     1
